 Dungeon Crawl Stone Soup version 0.26.0-18-gc5c842f807 (webtiles) character file.

Game seed: 14007992214814579895

205 thiole the Sneak (level 5, 0/31 HPs)
             Began as an Octopode Hedge Wizard on Jan 23, 2021.
             Was an Initiate of Gozag.
             Slain by a phantom (7 damage)
             ... on level 5 of the Dungeon.
             The game lasted 00:08:32 (4703 turns).

thiole the Sneak (Octopode Hedge Wizard)            Turns: 4703, Time: 00:08:32

Health: 0/31       AC:  1    Str:  9    XL:     5   Next: 83%
Magic:  0/10       EV: 12    Int: 17    God:    Gozag
Gold:   149        SH:  3    Dex: 12    Spells: 2/11 levels left

rFire    + + .     SeeInvis .   a - +0 dagger
rCold    . . .     Faith    .   x - +0 buckler (curse)
rNeg     + . .     Spirit   .   b - +0 hat
rPois    +         Reflect  .   (no amulet)
rElec    +         Harm     .   m - ring of positive energy
rCorr    +         Rampage  .   r - ring of fire
Will     .....                  (no ring)
Stlth    ++++......             (no ring)
HPRegen  0.10/turn              (no ring)
MPRegen  0.12/turn              (no ring)
                                (no ring)
                                (no ring)

@: resistant
A: almost no armour, stealthy swim, amphibious, 8 rings, constrict 8, camouflage
1, gelatinous body 1
a: Renounce Religion, Potion Petition, Call Merchant, Bribe Branch


You were on level 5 of the Dungeon.
You worshipped Gozag.
Gozag was aware of your devotion.
You visited 1 branch of the dungeon, and saw 5 of its levels.

You collected 235 gold pieces.
You paid 86 gold pieces to Gozag.

Inventory:

Hand Weapons
 a - a +0 dagger (weapon)
Armour
 b - a +0 hat (worn)
 x - a cursed +0 buckler (worn)
Jewellery
 m - a ring of positive energy (left tentacle)
 r - a ring of fire (right tentacle)
Wands
 t - a wand of iceblast (10)
Scrolls
 c - a scroll of noise {unknown}
 e - 3 scrolls of immolation {unknown}
 f - a scroll of blinking {unknown}
 i - 6 scrolls of identify {unknown}
 j - 2 scrolls of remove curse
 k - 5 scrolls of magic mapping
 l - 3 scrolls of fear
 p - 2 scrolls of enchant armour {unknown}
 s - 4 scrolls of teleportation {unknown}
 y - a scroll of random uselessness {unknown}
 z - a scroll of enchant weapon {unknown}
Potions
 d - a potion of heal wounds {unknown}
 g - a potion of attraction {unknown}
 h - a potion of flight {unknown}
 n - a potion of cancellation
 o - a potion of berserk rage {unknown}
 u - a potion of mutation {unknown}
 v - a potion of lignification {unknown}
 w - a potion of haste {unknown}


   Skills:
 - Level 2.0 Dodging
 + Level 4.5 Stealth
 + Level 0.6 Shields
 + Level 3.7 Spellcasting
 - Level 2.0 Conjurations
 + Level 2.0 Summonings
 - Level 1.0 Translocations
 * Level 0.5 Ice Magic
 - Level 2.1 Air Magic
 - Level 1.6 Poison Magic


You had 2 spell levels left.
You knew the following spells:

 Your Spells              Type           Power        Failure   Level
a - Magic Dart            Conj           36%          11%         1
b - Call Imp              Summ           10%          16%         2
c - Mephitic Cloud        Conj/Pois/Air  9%           32%         3
d - Frozen Ramparts       Ice            10%          50%         3

Your spell library contained the following spells:

 Spells                   Type           Power        Failure   Level
 Freeze                   Ice            20%          19%         1
 Blink                    Tloc           N/A          24%         2
 Slow                     Hex            3%           36%         2
 Conjure Flame            Conj/Fire      9%           43%         3
 Ozocubu's Armour         Ice            5%           50%         3
 Summon Ice Beast         Ice/Summ       7%           80%         4
 Hailstorm                Conj/Ice       7%           82%         4


Dungeon Overview and Level Annotations

Branches:
Dungeon (5/15)
 Temple: D:4-7

Altars:
Cheibriados
Gozag
Kikubaaqudgha
Okawaru

Annotations:
D:2 Sigmund
D:3 2 transporters, Wowzers's ghost, amateur DsAK
D:5 Edmund


Innate Abilities, Weirdness & Mutations

You cannot wear most types of armour.
You are very stealthy in the water. (Stealth+)
You are amphibious.
You can wear up to eight rings at the same time.
You can use your tentacles to constrict eight enemies at once.
Your skin changes colour to match your surroundings (Stealth+).
Your rubbery body absorbs attacks. (AC +1, EV +1)


Message History

Aim: a phantom (heavily damaged, 0% to evade)
The magic dart hits the phantom but does no damage.
The phantom is heavily damaged.
Your white imp closely misses the phantom.
Casting: Magic Dart (safe; 11% risk of failure)
Confirm with . or Enter, or press ? or * to list all spells.
Aiming: Magic Dart (safe; 11% risk of failure)
Press: ? - help, Shift-Dir - straight line, f/p - phantom
Aim: a phantom (heavily damaged, 0% to evade)
The magic dart hits the phantom.
The phantom is heavily damaged.
Your crimson imp disappears in a puff of smoke!
The phantom hits you.
* * * LOW HITPOINT WARNING * * *
The phantom blinks!
You barely miss the phantom.
The phantom is heavily damaged.
The phantom hits you!
You die...
Your body crumbles into a pile of gold.

.....## @...## ##.... .........
..... #..... .........r ........#
#..... .......... .......# #.....
.......... ...... #.....
.....##... #.##.#######....
.....##... ###.##.##.#..#...#
......+ #.5.ยง.............
......# .....#@5...............
......# ....#$W..............(
.....# #..##...##....##.##..#
.....#######..################...
...........#.......+ #...
...........#.......# ....(.#...
...........#.......# .......#...
...........#.......# .......#...
.....##...##.##....# #....# ##'#


You could see a phantom and 2 friendly white imps.

Vanquished Creatures
  Jessica (D:3)
  A worker ant (D:4)
  3 adders
  A shadow imp (D:5)
  An ufetubus (D:5)
  3 oozes (D:1)
  3 worms
  2 leopard geckos
  3 orcs
  5 giant cockroaches
  8 goblins
  3 hobgoblins
  6 jackals (D:3)
  A quokka (D:3)
  A ball python (D:5)
  7 bats
  14 frilled lizards
  A jackal skeleton (D:4)
  4 kobolds
  8 rats
76 creatures vanquished.

Vanquished Creatures (collateral kills)
  Ijyb (D:3)
  2 hobgoblins (D:5)
  3 kobolds
  A frilled lizard (D:3)
7 creatures vanquished.

Grand Total: 83 creatures vanquished

Notes
Turn   | Place    | Note
-------+----------+-------------------------------------------
     0 | D:1      | thiole the Octopode Hedge Wizard began the quest for the
                  | Orb.
     0 | D:1      | Reached XP level 1. HP: 11/11 MP: 4/4
   110 | D:1      | Reached XP level 2. HP: 17/17 MP: 0/6
   228 | D:1      | Reached skill level 3 in Stealth
   388 | D:1      | Reached XP level 3. HP: 12/21 MP: 1/7
  1647 | D:2      | Learned a level 2 spell: Call Imp
  1651 | D:2      | Learned a level 3 spell: Mephitic Cloud
  1921 | D:2      | Reached XP level 4. HP: 24/27 MP: 4/8
  2058 | D:2      | Noticed Sigmund
  2066 | D:3      | Noticed Ijyb
  2066 | D:3      | Noticed Jessica
  2076 | D:3      | Killed Jessica
  2077 | D:3      | Reached skill level 4 in Stealth
  2077 | D:3      | Reached skill level 1 in Air Magic
  2234 | D:3      | Killed Ijyb
  2235 | D:3      | Reached skill level 1 in Poison Magic
  2359 | D:3      | Found an ancient bone altar of Kikubaaqudgha.
  2449 | D:3      | Reached XP level 5. HP: 21/31 MP: 1/10
  3183 | D:3      | Found a transporter.
  3184 | D:3      | Noticed an ogre
  3184 | D:3      | Noticed Wowzers's ghost (amateur DsAK)
  3188 | D:3      | Found a transporter.
  3188 | D:3      | Identified the cursed +3 great mace "Pief" {freeze, *Rage
                  | rF++ rN+ Stlth+}
  3188 | D:3      | Noticed an ogre
  3935 | D:4      | Noticed a centaur
  3939 | D:5      | Entered Level 5 of the Dungeon
  3964 | D:5      | Found an opulent altar of Gozag.
  4013 | D:5      | Learned a level 3 spell: Frozen Ramparts
  4184 | D:5      | Found an iron altar of Okawaru.
  4507 | D:5      | Became a worshipper of Gozag Ym Sagoz the Greedy
  4622 | D:5      | Found a snail-covered altar of Cheibriados.
  4675 | D:5      | Noticed a phantom
  4698 | D:5      | Noticed Edmund
  4703 | D:5      | Slain by a phantom

Illustrated notes

Levels and vault maps discovered:
D:1:      minmay_arrival_three_doors, layout_basic,
          hangedman_abyss_or_decor_lesser_grid, kennysheep_nondescript,
          hex_tiny, amcnicky_mini_pool_small, minmay_liquid_box,
          hangedman_decor_points, minmay_lizard_pond
D:2:      layout_rooms, minmay_fractal_squares_gapless_5, uniq_sigmund,
          uniq_crazy_yiuf_cottage
D:3:      layout_basic, old_standard_altar, gammafunk_ghost_smash,
          hangedman_feature_mirror, uniq_ijyb, uniq_jessica
D:4:      layout_rooms, nzn_hepliaklqana_mist_gate
D:5:      layout_gridville, lemuel_crystal_altar, grunt_gozag_breadcrumbs,
          okawaru_altar_gauntlet_db, uniq_blork_the_orc, uniq_edmund

Skill      XL: |  1  2  3  4  5 |
---------------+----------------+-----
Stealth        | 3 4 |  4.5
Conjurations   | 2 |  2.0
Summonings     | 2 |  2.0
Air Magic      | 1 2 |  2.1
Poison Magic   | 1 |  1.6
Dodging        | |  2.0
Shields        | |  0.6
Spellcasting   | |  3.7
Translocations | |  1.0
Ice Magic      | |  0.5

Action                   |  1- 3 |  4- 6 || total
-------------------------+-------+-------++-------
Melee: Dagger            |    40 |    75 ||   115
       Tentacles         |     8 |    11 ||    19
       Constrict         |    12 |    14 ||    26
 Cast: Magic Dart        |    66 |    91 ||   157
       Call Imp          |       |    10 ||    10
  Use: Scroll            |       |     3 ||     3
       Potion            |       |     3 ||     3
 Stab: Distracted        |       |     2 ||     2
       Sleeping          |       |     1 ||     1
Armor: Skin              |     2 |     5 ||     7
Dodge: Dodged            |    21 |    40 ||    61
Block: Buckler           |       |     7 ||     7
